 Dungeon Crawl Stone Soup version 0.23.2-1-ga50397a (webtiles) character file.

Game seed: 11308148206139484588

43 stonz the Digger (level 3, 0/31 HPs)
             Began as a Troll Earth Elementalist on Apr 19, 2019.
             Succumbed to an adder's poison
             ... on level 2 of the Dungeon.
             The game lasted 00:08:32 (737 turns).

stonz the Digger (Troll Earth Elementalist)          Turns: 737, Time: 00:08:33

Health: 0/31       AC:  6    Str: 17    XL:     3   Next: 37%
Magic:  4/4        EV: 10    Int: 11    God:
Gold:   3          SH:  0    Dex: 10    Spells: 2/5 levels left

rFire    . . .     SeeInvis .     - Unarmed
rCold    . . .     Gourm    +   (no shield)
rNeg     . . .     Faith    .   c - +0 robe
rPois    .         Spirit   .   (helmet restricted)
rElec    .         Reflect  .   (no cloak)
rCorr    .         Harm     .   (gloves unavailable)
MR       .....                  (boots unavailable)
Stlth    +.........             (no amulet)
HPRegen  0.50/turn              (no ring)
MPRegen  0.09/turn              (no ring)

@: lethally poisoned (0 -> -1)
A: large, unfitting armour, claws 3, fast metabolism 3, gourmand, regeneration
1, shaggy fur 1, tough skin 3
a: no special abilities


You were on level 2 of the Dungeon.
You were not hungry.

You visited 1 branch of the dungeon, and saw 2 of its levels.

You collected 3 gold pieces.

Inventory:

Missiles
 b - 14 stones (quivered)
Armour
 c - a +0 robe (worn)
Scrolls
 a - a scroll of fear {unknown}
 e - a scroll of magic mapping {unknown}
Comestibles
 d - a ration


   Skills:
 + Level 0.1 Throwing
 + Level 1.7 Dodging
 + Level 1.1 Stealth
 + Level 1.3 Unarmed Combat
 + Level 1.6 Spellcasting
 + Level 0.6 Transmutations
 + Level 3.1 Earth Magic


You had 2 spell levels left.
You knew the following spells:

 Your Spells              Type           Power        Failure   Level  Hunger
a - Sandblast             Erth           #.....       9%          1    ##.....
b - Passwall              Tmut/Erth      #.......     22%         2    ###....

Your spell library contained the following spells:

 Spells                   Type           Power        Failure   Level  Hunger
 Stone Arrow              Conj/Erth      #.....       43%         3    ####...
 Petrify                  Tmut/Erth      #.......     80%         4    #####..
 Lee's Rapid Deconstruct  Erth           #.........   93%         5    ######.


Dungeon Overview and Level Annotations

Branches:
Dungeon (2/15)

Altars:
Qazlal


Innate Abilities, Weirdness & Mutations

You are too large for most types of armour.
You have claws for hands.
Your metabolism is lightning-fast.
You like to eat raw meat.
Your natural rate of healing is unusually fast.
You are covered in fur. (AC +1)
You have extremely tough skin. (AC +3)


Message History

You feel sick. The adder bites you.
* * * LOW HITPOINT WARNING * * *
The adder barely misses you.
You feel sick.
The quokka twitches its whiskers.
The adder bites you but does no damage. The adder bites you.
* * * LOW HITPOINT WARNING * * *
You feel sick.
You are no longer poisoned.
The adder barely misses you.
The giant cockroach bites you but does no damage.
The adder bites you.
* * * LOW HITPOINT WARNING * * *
The giant cockroach closely misses you. The adder bites you.
* * * LOW HITPOINT WARNING * * *
You are lethally poisoned!
The adder poisons you!
You die...

.. #.....................)..##
#.###..##..................... ..
......##..###.............
#.###.##.#..## #.............
#..##.##.#.## #......>..####
##.##......#####.........####
###............##...#.#.###...#
###...###...g....#......#.#E#...#
#...###......rS.@.......#.###...#
w.###.........s..................
####.........................._..
# #.............................
#......................###...#
#......................#E#...#
####.............(.....###...#
############.....##......##
##>..##########


You could see an adder, a quokka, a giant cockroach and a hobgoblin.

Vanquished Creatures
  2 adders (D:2)
  2 leopard geckos (D:2)
  A ball python (D:2)
  2 giant cockroaches (D:2)
  2 hobgoblins (D:2)
  7 jackals (D:2)
  3 kobolds (D:2)
  2 rats (D:2)
21 creatures vanquished.

Notes
Turn   | Place    | Note
-------+----------+-------------------------------------------
     0 | D:1      | stonz the Troll Earth Elementalist began the quest for the
                  | Orb.
     0 | D:1      | Reached XP level 1. HP: 16/16 MP: 1/1
   191 | D:2      | Reached XP level 2. HP: 24/24 MP: 0/3
   215 | D:2      | Learned a level 2 spell: Passwall
   234 | D:2      | Reached skill level 3 in Earth Magic
   359 | D:2      | Noticed a water elemental
   366 | D:2      | Found a stormy altar of Qazlal.
   369 | D:2      | Noticed a fire elemental
   369 | D:2      | Noticed an earth elemental
   369 | D:2      | Noticed an air elemental
   503 | D:2      | Reached XP level 3. HP: 14/31 MP: 2/4
   621 | D:2      | Reached skill level 1 in Unarmed Combat
   736 | D:2      | HP: 1/31 [adder (4)]
   737 | D:2      | Succumbed to an adder's poison

Skill      XL: |  1  2  3 |
---------------+----------+-----
Earth Magic    | 3 |  3.1
Unarmed Combat | 1 |  1.3
Throwing       | |  0.1
Dodging        | |  1.7
Stealth        | |  1.1
Spellcasting   | |  1.6
Transmutations | |  0.6

Action                   || total
-------------------------++-------
Melee: Unarmed           ||    60
Throw: Stone             ||    11
 Cast: Sandblast         ||    22
  Use: Potion            ||     1
  Eat: Ration            ||     2
Armor: Robe              ||    49
Dodge: Dodged            ||    68
